 Dungeon Crawl Stone Soup version 0.32-a0-35-gd9ff480968 (webtiles) character file.

Game seed: 11232241138446797774

1379894 cforsyth the Intangible (level 27, 216/216 HPs)
             Began as a Djinni Alchemist on Jan 21, 2024.
             Was the Champion of Nemelex Xobeh.
             Escaped with the Orb
             ... and 3 runes on Jan 22, 2024!
             The game lasted 04:34:31 (117111 turns).

cforsyth the Intangible (Djinni Alchemist)        Turns: 117111, Time: 04:34:32

Health: 216/216    AC: 25    Str:  7    XL:     27
Gold:   6752       EV: 27    Int: 39    God:    Nemelex Xobeh [******] SH:  9 Dex: 19

rFire   + . .        B - staff "Xobuts" {rF- rC+ Will+ Dex+6 Conj}
rCold   + . .        Z - +1 buckler {reflect}
rNeg    . . .        X - +1 faerie dragon scales {rC+ rCorr Int+3 Slay+2}
rPois   ∞            G - +2 hat {SInv}
rElec   .            i - +2 cloak {Will+}
rCorr   +            F - +2 pair of gloves
SInv    +            (boots unavailable)
Will    ++++.        d - amulet of regeneration
Stlth   +            W - +4 ring of protection
HPRegen 1.36/turn    a - ring "Zoxkokuo" {rC+ Int+6}
MPRegen 0.00/turn

%: reflection
@: flying, studying 2 skills
A: sickness immunity, fire resistance 2, cold vulnerability 2, float, innate
caster, HP casting, extra vitality 1, horns 1, clumsy 1
0: Orb of Zot
}: 3/15 runes: barnacled, silver, gossamer
a: Renounce Religion, Draw Escape, Draw Destruction, Draw Summoning, Triple
Draw, Deal Four, Stack Five


You escaped.
You worshipped Nemelex Xobeh.
Nemelex Xobeh was exalted by your worship.
You visited 13 branches of the dungeon, and saw 53 of its levels.
You also visited: Gauntlet and Wizlab.

You collected 8706 gold pieces.
You spent 1954 gold pieces at shops.

Inventory:

Hand Weapons
 w - the +2 falchion of Enigei {vamp, Int+5}
   (You bought it in a shop on level 2 of the Orcish Mines)

   Int+5:     It affects your intelligence (+5).
 I - the +5 long sword of the Ring {flame, *Slow rElec rPois Will++}
   (You found it in a wizard's laboratory)

   rElec:     It insulates you from electricity.
   rPois:     It protects you from poison Will++: It greatly increases your
   willpower.
   *Slow:     It may slow you when you take damage.
Armour
 i - a +2 cloak of willpower (worn)
 F - a +2 pair of gloves (worn)
 G - a +2 hat of see invisible (worn)
 L - a +2 robe of resistance
 X - the +1 faerie dragon scales (worn) {rC+ rCorr Int+3 Slay+2}
   (You took it off the Enchantress on level 3 of the Depths)

   Int+3:     It affects your intelligence (+3).
   Slay+2:    It affects your accuracy & damage with ranged weapons and melee
   (+2).
   rC+:       It protects you from cold.
   rCorr:     It protects you from acid and corrosion.
 Z - a +1 buckler of reflection (worn)
Magical Staves
 B - the staff "Xobuts" (weapon) {rF- rC+ Will+ Dex+6 Conj}
   (You found it on level 2 of the Depths)

   [staff of conjuration]

   Base accuracy: +5 Base damage: 5 Base attack delay: 1.2 This weapon's minimum
   attack delay (0.6) is reached at skill level 12.
   Dex+6:     It affects your dexterity (+6).
   rF-:       It makes you vulnerable to fire.
   rC+:       It protects you from cold.
   Will+:     It increases your willpower.
   Conj:      It increases the power of your Conjurations spells.
   It falls into the 'Staves' category.
   It is a one-handed weapon.
Jewellery
 a - the ring "Zoxkokuo" (right hand) {rC+ Int+6}
   (You bought it in a shop on level 3 of the Shoals)

   [ring of intelligence]

   Int+6:     It affects your intelligence (+6).
   rC+:       It protects you from cold.
 d - an amulet of regeneration (around neck)
 g - a ring of protection from cold
 o - the ring of Omoe {rN+ Int+3 Stlth+}
   (You found it on level 3 of the Crypt)

   [ring of positive energy]

   Int+3:     It affects your intelligence (+3).
   rN+:       It protects you from negative energy.
   Stlth+:    It makes you more stealthy.
 E - a ring of see invisible
 H - a ring of ice
 T - the amulet of Rulu {Reflect rN+ SH+5}
   (You took it off a spriggan defender on level 3 of the Depths)

   [amulet of reflection]

   Reflect:   It reflects blocked missile attacks.
   rN+:       It protects you from negative energy.
   SH+5:      It affects your SH (+5).
 W - a +4 ring of protection (left hand)
Wands
 m - a wand of roots (57)
 q - a wand of paralysis (90)
 v - a wand of acid (42)
 D - a wand of digging (4)
 O - a wand of flame (189)
 P - a wand of mindburst (45)
Scrolls
 b - a scroll of revelation
 e - 14 scrolls of teleportation
 h - 9 scrolls of fog
 l - 2 scrolls of blinking
 p - 3 scrolls of summoning
 t - 4 scrolls of torment
 x - 11 scrolls of vulnerability
 z - 11 scrolls of enchant armour
 K - 4 scrolls of fear
 M - 3 scrolls of noise
 N - 8 scrolls of poison
 Q - 12 scrolls of immolation
 U - 2 scrolls of silence
Potions
 c - 6 potions of haste
 f - 22 potions of curing
 j - 7 potions of ambrosia
 k - 13 potions of lignification
 n - 7 potions of resistance
 s - 15 potions of heal wounds
 u - 14 potions of attraction
 y - 3 potions of cancellation
 A - 9 potions of mutation
 C - 7 potions of might
 R - 9 potions of brilliance
 S - a potion of berserk rage
 V - 5 potions of enlightenment
 Y - 6 potions of invisibility
Miscellaneous
 r - a lightning rod (4/4)
 J - a phantom mirror


   Skills:
 + Level 23.5 Fighting
 + Level 17.0 Armour
 O Level 27 Dodging
 - Level 1.5 Stealth
 + Level 12.3 Shields
 O Level 27 Spellcasting
 O Level 27 Conjurations
 O Level 27 Hexes
 O Level 27 Summonings
 O Level 27 Necromancy
 O Level 27 Translocations
 O Level 27 Fire Magic
 O Level 27 Ice Magic
 O Level 27 Air Magic
 O Level 27 Earth Magic
 O Level 27 Alchemy


You knew the following spells:

 Your Spells              Type           Power      Damage    Failure   Level
a - Sting                 Conj/Alch      100%       1d9       0%          1
b - Mercury Vapours       Alch/Air       100%       N/A       0%          2
c - Mephitic Cloud        Conj/Alch/Air  100%       N/A       0%          3
d - Olgreb's Toxic Radia  Alch           100%       N/A       0%          4
e - Sticky Flame          Fire/Alch      100%       2d15      0%          4
f - Foxfire               Conj/Fire      100%       2x1d9     0%          1
g - Jinxbite              Hex            100%       N/A       0%          2
h - Hailstorm             Conj/Ice       100%       3d16      0%          3
i - Passage of Golubria   Tloc           100%       N/A       0%          4
j - Freezing Cloud        Conj/Ice/Air   78%        6-21      0%          5
k - Alistair's Intoxicat  Alch           88%        N/A       0%          5
l - Dispersal             Tloc           66%        N/A       0%          6
m - Spellforged Servitor  Conj/Summ      78%        N/A       0%          7
n - Bombard               Conj/Erth      78%        9d13      0%          6
o - Orb of Destruction    Conj           78%        9d18      0%          7
p - Lehudib's Crystal Sp  Conj/Erth      78%        10d18     1%          8
q - Disjunction           Tloc           66%        N/A       1%          8
r - Fire Storm            Conj/Fire      78%        8d20      1%          9
Your spell library was empty.

Dungeon Overview and Level Annotations

Branches:
Dungeon (15/15)            Temple (1/1) D:4            Lair (5/5) D:8
 Shoals (4/4) Lair:3       Spider (4/4) Lair:3        Slime (1/5) Lair:4
    Orc (2/2) D:10            Elf (3/3) Orc:2        Vaults (5/5) D:14
  Crypt (3/3) Vaults:2       Tomb (1/3) Crypt:3      Depths (4/4) D:15
    Zot (5/5) Depths:4     WizLab (visited)         Gauntlet (visited)

Altars:
Ashenzari
Cheibriados
Dithmenos
Elyvilon
Fedhas
Gozag
Hepliaklqana
Makhleb
Nemelex Xobeh
Okawaru
Qazlal
Ru
Trog
Uskayaw
Wu Jian
Xom
Yredelemnul
Zin
The Shining One
Jiyva

Shops:
D:11 [   D:15 !   Orc:2 [?*(   Elf:1 (   Shoals:2 (   Shoals:3 =   Vaults:1 ?
Vaults:2 ?(   Depths:2 ?

Portals:
Hell: Depths:1 Depths:2 Depths:3 Depths:4
Abyss: Depths:3 Depths:4
Pandemonium: Depths:2 Depths:3
Ziggurat: Depths:2

Annotations:
Vaults:4 1 transporter


Innate Abilities, Weirdness & Mutations

You are immune to sickness and miasma.
You are immune to poison.
Your flesh is very heat resistant. (rF++)
You are very vulnerable to cold. (rC--)
You float through the air rather than walking.
You learn spells naturally, not from books.
Your magical power is your life essence.
You have superior vitality. (+4 MHP)
You have a pair of small horns on your head.
You are clumsy. (Dex -2)


Message History

The hellephant breathes flames at you. The blast of flame hits you!!
You resist.
Casting: Spellforged Servitor (safe; 0% risk of failure)
Confirm with . or Enter, or press ? or * to list all spells.
Aiming: Fire Storm (dangerous; 1% risk of failure)
Press: ? - help, Dir - move target, f - hellephant
Aim: a hellephant (ally target)
You feel a surge of power!
A raging storm of fire appears!
The great blast of fire engulfs the hellephant!!!!
The hellephant is heavily wounded.
Your spellforged servitor casts a spell at the hellephant.
The crystal spear hits the hellephant!!!
The hellephant is engulfed in blazing flames.
The hellephant blinks!
You feel a surge of power!
Okay, then.
The hellephant breathes flames at your spellforged servitor.
The blast of flame hits your spellforged servitor.
Your spellforged servitor resists.
Your spellforged servitor gestures at the hellephant while chanting.
The crystal spear hits the hellephant!!!
The hellephant dies!
An ice devil comes into view.
Your spellforged servitor points at the ice devil and mumbles some strange words.
The crystal spear hits the ice devil!!!
The ice devil dies!
There is a stone staircase leading up here.
You fly upwards.
There is a stone staircase leading down here.
Okay, then.
Casting: Lehudib's Crystal Spear (mildly dangerous; 1% risk of failure)
Confirm with . or Enter, or press ? or * to list all spells.
You don't know that spell.
Aiming: Dig
Press: ? - help, Shift-Dir - straight line A rock wall.
This square is covered in magical glow.
The rock shatters into small pieces.
There is a staircase leading out of the dungeon here.
You have escaped!

.......##
##.(#.##########
###.###.#
##.....#........#
....#
##^###........######.#
##### #.##.......:.#
#|# #..##+##+##'## #.#
#..#2........# #.###
##.#.#.....#.#####...#
#.#.#.....#.#.......#
#
##.#....@....#######.#
# #..###.##########
#.# # #.###.##
#......# #.# # #.# #.#
##.###.# #.# ## #.#
#.# #.###.####.#### .#
#.###.##
#...........#~. .#
#......#
##########..#.# .#
#..##.## #..#~# .#
#..#### ########..#~#


You could see a tormentor.

Vanquished Creatures
  2 pandemonium lords
  7 dread liches
  4 orbs of fire
  6 ancient liches
  2 royal mummies (Tomb:1)
  Boris (twice) (Tomb:1 Zot:3)
  5 Killer Klowns
  Bai Suzhen (Shoals:3)
  Vv (Zot:1)
  2 curse toes
  6 golden dragons
  Nikola (Depths:1)
  2 bone dragons
  Norris (Depths:1)
  Arachne (Spider:4)
  A Brimstone Fiend (D:9)
  A shard shrike zombie (Crypt:3)
  Rupert (D:13)
  18 tentacled monstrosities
  8 electric golems
  28 Orb Guardians
  An Ice Fiend (D:3)
  Asterion (Spider:3)
  4 liches
  7 titans
  8 sphinxes
  5 quicksilver dragons
  2 acid blobs (Slime:1)
  2 deep elf blademasters (Elf:3)
  2 deep elf master archers (Elf:3)
  Agnes (D:14)
  4 ancient champions (Crypt:2)
  11 death cobs
  5 tengu reavers
  12 shadow dragons
  10 storm dragons
  2 revenants (Crypt:2)
  5 protean progenitors
  2 azure jellies (Slime:1)
  A rockslime (Slime:1)
  A demonspawn warmonger (Zot:2)
  2 draconian knights
  4 draconian monks
  Ilsuiw (Shoals:3)
  15 vault wardens
  4 fire giants
  5 emperor scorpions
  Louise (D:14)
  4 frost giants
  A caustic shrike zombie (Crypt:3)
  3 deep elf sorcerers
  4 draconian scorchers
  12 ghouls
  A balrug (Depths:1)
  3 draconian shifters
  9 ghost moths
  2 iron dragons
  2 curse skulls (Crypt:3)
  An angel (WizLab)
  5 draconian stormcallers
  A demonspawn blood saint (Zot:2)
  4 spriggan defenders
  A reaper (Zot:2)
  A quicksilver ooze (Slime:1)
  12 ironbound preservers
  4 broodmothers
  8 draconian annihilators
  4 formless jellyfish
  8 very ugly things
  16 stone giants
  6 black draconians
  3 vampire knights
  6 ironbound thunderhulks
  An eleionoma (Depths:3)
  5 deep elf demonologists
  Azrael (D:14)
  5 yellow draconians
  7 white draconians
  6 deep elf death magi
  12 purple draconians
  5 green draconians
  6 war gargoyles
  7 dire elephants
  7 red draconians
  5 deep elf annihilators (Elf:3)
  A minotaur (Gauntlet)
  3 spark wasps
  8 eidola
  3 green deaths
  5 fire dragons
  10 merfolk impalers
  7 merfolk javelineers
  An ettin (shapeshifter) (Vaults:4)
  4 mummy priests
  5 ettins
  A blizzard demon (Depths:3)
  8 jiangshi
  5 entropy weavers
  3 deep elf high priests
  A salamander tyrant (WizLab)
  28 vault guards
  5 great orbs of eyes
  Fannar (D:10)
  Harold (D:10)
  7 yaktaur captains
  4 hydras
  A radroach (Spider:4)
  An ice dragon (Depths:1)
  5 spriggan air magi
  4 rakshasas
  5 ogre magi
  2 hell beasts
  A fenstrider witch zombie (Crypt:3)
  4 catoblepae
  7 peacekeepers
  2 merfolk avatars
  8 boulder beetles
  A jorogumo (Lair:3)
  6 ironbound frosthearts
  21 dancing weapons
  4 death knights
  2 merfolk aquamancers
  4 centaur warriors
  30 death yaks
  5 deep troll shamans
  2 alligator snapping turtles
  8 two-headed ogres
  A satyr (Shoals:3)
  A tengu warrior (D:13)
  9 demonic crawlers
  6 deep troll earth magi
  An orc high priest (Orc:2)
  4 shock serpents (Zot:2)
  Sonja (D:13)
  3 spriggan berserkers
  8 vampire magi
  4 occultists
  2 soul eaters
  11 deep elf knights
  4 hell knights
  11 skysharks
  5 iron trolls
  8 pharaoh ants
  5 sixfirhies
  9 flayed ghosts
  2 bunyip zombies (Crypt:3)
  A death drake (shapeshifter) (Vaults:4)
  26 skeletal warriors
  5 arcanists
  An orb spider (shapeshifter) (Depths:3)
  2 goliath frogs (Zot:5)
  11 sea snakes
  A shadow demon (D:12)
  8 orb spiders
  A death drake (Gauntlet)
  22 deep trolls
  2 orange crystal statues
  A large abomination (Elf:1)
  3 glowing orange brains
  A lindwurm (shapeshifter) (Vaults:1)
  23 harpies
  23 phantasmal warriors
  6 lindwurms
  4 steelbarb worms
  8 orc knights
  10 deep elf archers
  14 ironbound convokers
  10 necromancers
  8 orc sorcerers
  10 deep elf pyromancers
  14 deep elf zephyrmancers
  7 lightning spires
  A shining eye (shapeshifter) (Vaults:3)
  2 human zombies (Vaults:1)
  23 wolf spiders
  3 oklob plants
  A manticore (shapeshifter) (Depths:2)
  24 ugly things
  18 manticores
  7 cyclopes
  A shining eye (Slime:1)
  A salamander (WizLab)
  19 moths of wrath
  2 frost giant skeletons
  3 elephants (Lair:4)
  3 torpor snails
  4 centaur zombies
  6 water nymphs
  A kobold blastminer (Orc:2)
  7 black mambas
  2 smoke demons
  2 alligator snapping turtle zombies (Crypt:3)
  5 merfolk sirens
  Joseph (D:9)
  5 gargoyles
  A naga zombie (Crypt:3)
  3 molten gargoyles (WizLab)
  A rust devil (Depths:3)
  A hellion (Depths:2)
  An orange demon (Zot:3)
  18 vault sentinels
  A grey draconian zombie (Crypt:2)
  11 cane toads
  6 freezing wraiths
  A centaur skeleton (D:15)
  4 rime drakes
  A komodo dragon (shapeshifter) (D:15)
  A minotaur zombie (Gauntlet)
  6 komodo dragons
  21 yaktaurs
  A tormentor (Depths:2)
  2 tengu conjurers
  An ice devil (Depths:1)
  An efreet (D:15)
  A green draconian skeleton (Crypt:1)
  4 guardian mummies
  5 trolls
  3 red devils
  3 harpy zombies (Crypt:3)
  36 merfolk
  2 polar bears
  A grey draconian skeleton (Crypt:1)
  3 hornets
  A tarantella (shapeshifter) (Depths:3)
  23 tarantellas
  6 wind drakes
  3 glass eyes
  An ettin zombie (Crypt:3)
  13 blink frogs
  14 dream sheep
  5 snapping turtles
  34 slime creatures
  A vampire (D:12)
  9 water elementals
  3 shadows
  3 ushabtiu (Tomb:1)
  18 jumping spiders
  A wyvern (Lair:2)
  10 wraiths
  16 culicivoras
  88 yaks
  2 spriggans
  3 air elementals
  6 fire elementals
  3 basilisks
  11 wargs
  2 steam dragons
  3 neqoxecs
  43 redbacks
  15 vampire mosquitoes
  2 chaos spawn
  A water nymph zombie (Crypt:1)
  3 hell hounds (D:14)
  A merfolk zombie (Crypt:2)
  2 acid dragons
  16 water moccasins
  A faun zombie (Crypt:1)
  21 orc warriors
  A sky beast (D:7)
  A black bear (Lair:3)
  2 ice beasts
  A human skeleton (Vaults:1)
  2 laughing skulls (Crypt:1)
  7 ogres
  5 spriggan simulacra (Depths:2)
  6 centaurs
  2 phantoms
  14 wolves
  5 kobold brigands
  3 elf zombies (Elf:1)
  8 bullfrogs
  A komodo dragon skeleton (Crypt:2)
  A gnoll sergeant (D:10)
  3 earth elementals (WizLab)
  10 necrophages (Crypt:3)
  A scorpion (D:5)
  7 wights
  4 wyvern skeletons (Crypt:3)
  A cyclops skeleton (Crypt:2)
  10 killer bees
  13 electric eels
  2 howler monkeys
  11 jellies
  8 hounds
  19 orc priests
  A gnoll bouda (D:10)
  4 iguanas
  2 hell rats (Lair:1)
  A boggart zombie (Gauntlet)
  36 orc wizards
  2 boggart skeletons (D:15)
  10 mummies (Tomb:1)
  18 gnolls
  10 adders
  6 river rats (Lair:1)
  A white imp (D:6)
  4 ufetubi
  3 dart slugs
  A ribbon worm (D:4)
  96 orcs
  7 endoplasms
  3 giant cockroaches
  6 goblins
  6 hobgoblins
  2 jackals (D:4)
  17 kobolds
  3 quokkas
  7 ball pythons
  3 bats
  3 frilled lizards
  8 rats
  A spectral goblin (D:1)
  2 aspiring fleshes (Zot:1)
  A butterfly (D:6)
2034 creatures vanquished.

Vanquished Creatures (collateral kills)
  A dread lich (Vaults:4)
  Xtahua (Vaults:4)
  A curse toe (Zot:3)
  A golden dragon (Depths:3)
  the Enchantress (Depths:3)
  The ghost of Waukhla the Imperceptible, a veteran KoBr of Wu Jian (Crypt:2)
  A profane servitor (Crypt:3)
  2 tentacled monstrosities
  A Brimstone Fiend (Zot:3)
  A hellephant (D:2)
  2 liches
  A quicksilver dragon (Zot:2)
  5 sphinxes
  An ancient champion (Tomb:1)
  Polyphemus (Shoals:2)
  2 death cobs (Zot:1)
  2 tengu reavers
  A revenant (Tomb:1)
  A shadow dragon (Depths:1)
  3 storm dragons
  3 frost giants
  A fire giant (Depths:1)
  A draconian shifter (Zot:2)
  2 draconian scorchers (Zot:2)
  2 emperor scorpions (Spider:4)
  2 vault wardens
  3 deep elf elementalists (Elf:3)
  4 orc warlords
  A deep elf sorcerer (Elf:3)
  2 cacodemons (Depths:1)
  A ghost moth (Spider:3)
  A draconian annihilator (Depths:4)
  2 spriggan defenders
  A quicksilver ooze (Slime:1)
  A draconian stormcaller (Zot:2)
  A very ugly thing (Depths:3)
  2 ironbound thunderhulks
  5 ironbound preservers
  3 black draconians
  3 stone giants
  3 vampire knights
  A deep elf demonologist (Elf:3)
  2 yellow draconians
  A purple draconian (Zot:2)
  A deep elf death mage (Elf:3)
  A war gargoyle (WizLab)
  2 deep elf annihilators (Elf:3)
  A dire elephant (Vaults:1)
  A white draconian (Depths:4)
  A spark wasp (Spider:4)
  3 ettins
  A green death (Depths:1)
  A crystal guardian (Vaults:3)
  2 mummy priests (Tomb:1)
  4 merfolk javelineers (Shoals:4)
  2 deep elf high priests
  A blizzard demon (Depths:1)
  An entropy weaver (Vaults:2)
  5 yaktaur captains
  2 merfolk impalers (Shoals:4)
  5 jiangshi
  A fire dragon (Depths:4)
  5 great orbs of eyes
  6 vault guards
  5 peacekeepers
  2 centaur warriors (Vaults:2)
  4 ice dragons
  5 ironbound frosthearts
  A jorogumo (Spider:4)
  A merfolk aquamancer (Shoals:4)
  14 dancing weapons
  A merfolk avatar (Shoals:4)
  2 deep troll shamans
  2 orc high priests (Elf:1)
  A tengu warrior (Depths:1)
  A demonic crawler (Lair:3)
  3 spriggan berserkers
  3 deep elf knights (Elf:2)
  4 vampire magi
  3 deep troll earth magi
  4 hell knights
  4 occultists
  A sun demon (Depths:4)
  A soul eater (Depths:2)
  4 iron trolls
  6 skeletal warriors
  A skyshark (Depths:1)
  2 sixfirhies
  A spriggan (Depths:3)
  2 sea snakes
  A glowing orange brain (shapeshifter) (Depths:2)
  A large abomination (Zot:3)
  2 flayed ghosts (Crypt:3)
  28 deep trolls
  2 glowing orange brains
  7 deep elf archers
  4 ironbound convokers
  2 arcanists
  7 phantasmal warriors
  An obsidian statue (Depths:1)
  2 steelbarb worms
  7 lindwurms
  6 deep elf zephyrmancers
  3 orc knights
  14 deep elf pyromancers
  A shadow dragon zombie (Crypt:1)
  4 ugly things
  A wolf spider (Spider:4)
  A harpy (Shoals:4)
  5 necromancers
  2 manticores
  2 orc sorcerers (Elf:1)
  A fire giant skeleton (Vaults:4)
  A stone giant zombie (Vaults:4)
  A shining eye (Slime:1)
  A stone giant skeleton (Vaults:4)
  12 slime creatures
  A black mamba (shapeshifter) (Elf:3)
  2 water nymphs (Shoals:4)
  A salamander (WizLab)
  2 human skeletons (Vaults:4)
  2 merfolk sirens
  An iron dragon skeleton (Depths:2)
  7 vault sentinels
  A smoke demon (Depths:1)
  A gargoyle (WizLab)
  An unseen horror zombie (Crypt:2)
  An eye of devastation (shapeshifter) (Depths:4)
  16 yaktaurs
  2 freezing wraiths
  A catoblepas zombie (Crypt:1)
  A tormentor (Depths:2)
  2 tengu conjurers (Depths:2)
  An ice devil (D:2)
  A hydra zombie (Crypt:1)
  10 merfolk
  4 guardian mummies
  A hornet (Depths:3)
  2 wind drakes
  2 tarantellas (Spider:4)
  A death drake skeleton (Crypt:2)
  A snapping turtle (Shoals:4)
  A glass eye (shapeshifter) (Depths:2)
  2 human simulacra
  A frost giant simulacrum (Depths:2)
  A spriggan zombie (Depths:2)
  A jumping spider (Spider:4)
  5 water elementals
  2 culicivoras (Spider:4)
  A wraith (Crypt:2)
  An ushabti (Tomb:1)
  A redback (shapeshifter) (Depths:2)
  5 redbacks
  An elf skeleton (Vaults:4)
  A swamp worm (shapeshifter) (Depths:2)
  A glowing shapeshifter skeleton (Vaults:1)
  A laughing skull (Crypt:1)
  A phantom (Crypt:3)
  An earth elemental (WizLab)
  4 necrophages
  A komodo dragon skeleton (Crypt:2)
  3 wyvern skeletons (Crypt:3)
  A warg skeleton (Crypt:1)
  A water moccasin skeleton (Crypt:2)
  A jelly (Lair:4)
  An acid dragon skeleton (Crypt:2)
  10 mummies (Tomb:1)
  An adder skeleton (Crypt:1)
  A river rat skeleton (Crypt:2)
437 creatures vanquished.

Vanquished Creatures (others)
  A storm dragon (Zot:2)
  2 draconian shifters (Zot:2)
  A war gargoyle (WizLab)
  A spark wasp (Zot:2)
  An entropy weaver (Spider:3)
  A yaktaur captain (Vaults:3)
  A centaur warrior (Vaults:2)
  A moth of wrath (Zot:2)
  209 fire vortices
  24 foxfires
242 creatures vanquished.

Grand Total: 2713 creatures vanquished

Notes
Turn   | Place    | Note
-------+----------+-------------------------------------------
     0 | D:1      | cforsyth the Djinni Alchemist began the quest for the Orb.
     0 | D:1      | cforsyth set off with the following spells memorised:
                  | Sting, Mercury Vapours, Mephitic Cloud, Olgreb's Toxic
                  | Radiance, Sticky Flame.
     0 | D:1      | Reached XP level 1. HP: 15/15 MP: 0/0
    60 | D:1      | Found a faded altar of an unknown god.
   209 | D:1      | Reached XP level 2. HP: 19/22 MP: 0/0
   239 | D:1      | Reached skill level 1 in Fighting
   810 | D:2      | Reached XP level 3. HP: 24/27 MP: 0/0
   810 | D:2      | Learned a level 1 spell: Foxfire
   966 | D:2      | Reached XP level 4. HP: 25/34 MP: 0/0
  1569 | D:3      | Reached XP level 5. HP: 37/40 MP: 0/0
  1569 | D:3      | Learned a level 2 spell: Jinxbite
  1780 | D:3      | Found a hazy altar of Hepliaklqana.
  2225 | D:4      | Noticed a phantom
  2227 | D:4      | Reached XP level 6. HP: 30/46 MP: 0/0
  2240 | D:4      | Found a sparkling altar of Nemelex Xobeh.
  2726 | D:4      | Reached XP level 7. HP: 19/53 MP: 0/0
  2726 | D:4      | Learned a level 3 spell: Hailstorm
  2970 | D:4      | Found a burning altar of Makhleb.
  3084 | D:4      | Reached skill level 5 in Fighting
  3084 | D:4      | Reached skill level 5 in Spellcasting
  3084 | D:4      | Reached skill level 5 in Conjurations
  3084 | D:4      | Reached skill level 5 in Hexes
  3084 | D:4      | Reached skill level 5 in Summonings
  3084 | D:4      | Reached skill level 5 in Necromancy
  3084 | D:4      | Reached skill level 5 in Translocations
  3084 | D:4      | Reached skill level 5 in Fire Magic
  3084 | D:4      | Reached skill level 5 in Ice Magic
  3084 | D:4      | Reached skill level 5 in Air Magic
  3084 | D:4      | Reached skill level 5 in Earth Magic
  3084 | D:4      | Reached skill level 5 in Alchemy
  3321 | D:4      | Found a staircase to the Ecumenical Temple.
  3378 | D:4      | Became a worshipper of Nemelex Xobeh the Trickster
  3415 | D:5      | Entered Level 5 of the Dungeon
  3451 | Temple   | Entered the Ecumenical Temple
  3537 | D:5      | Found a hide-covered altar of Uskayaw.
  4074 | D:5      | Reached XP level 8. HP: 49/61 MP: 0/0
  4377 | D:5      | Found a glowing golden altar of the Shining One.
  4378 | D:5      | Found an ornate altar of the Wu Jian Council.
  4884 | D:6      | Reached * piety under Nemelex Xobeh
  4906 | D:6      | Found a shimmering altar of Xom.
  5405 | D:6      | Received a gift from Nemelex Xobeh
  6247 | D:7      | Reached XP level 9. HP: 34/68 MP: 0/0
  6247 | D:7      | Learned a level 4 spell: Passage of Golubria
  6790 | D:7      | Reached ** piety under Nemelex Xobeh
  7127 | D:8      | Noticed a two-headed ogre
  7146 | D:8      | Killed a two-headed ogre
  7401 | D:8      | Found a staircase to the Lair.
  7410 | D:8      | Reached XP level 10. HP: 37/78 MP: 0/0
  7774 | D:9      | Noticed Joseph
  7785 | D:9      | Killed Joseph
  7786 | D:9      | Reached skill level 10 in Fighting
  7928 | D:9      | Noticed a two-headed ogre
  7956 | D:9      | Killed a two-headed ogre
  8567 | D:9      | Reached XP level 11. HP: 76/87 MP: 0/0
  8567 | D:9      | Learned a level 5 spell: Freezing Cloud
  9215 | D:10     | Entered Level 10 of the Dungeon
  9215 | D:10     | Noticed Harold
  9225 | D:10     | Noticed Fannar
  9489 | D:10     | Found a sacrificial altar of Ru.
  9539 | D:10     | Killed Fannar
  9807 | D:10     | Received a gift from Nemelex Xobeh
  9878 | D:10     | Noticed a cyclops
  9890 | D:10     | Killed a cyclops
  9933 | D:10     | Reached skill level 10 in Spellcasting
  9933 | D:10     | Reached skill level 10 in Conjurations
  9933 | D:10     | Reached skill level 10 in Hexes
  9933 | D:10     | Reached skill level 10 in Summonings
  9933 | D:10     | Reached skill level 10 in Necromancy
  9933 | D:10     | Reached skill level 10 in Translocations
  9933 | D:10     | Reached skill level 10 in Fire Magic
  9933 | D:10     | Reached skill level 10 in Ice Magic
  9933 | D:10     | Reached skill level 10 in Air Magic
  9933 | D:10     | Reached skill level 10 in Earth Magic
  9933 | D:10     | Reached skill level 10 in Alchemy
  9947 | D:10     | Found a staircase to the Orcish Mines.
  9956 | D:10     | Killed Harold
 10137 | D:10     | Reached *** piety under Nemelex Xobeh
 10545 | D:11     | Identified the +3 leather armour "Xiobel" {+Inv Will+ MP+9
                  | Dex+2}
 10569 | D:11     | Noticed a two-headed ogre
 10578 | D:11     | Killed a two-headed ogre
 10980 | D:11     | Found Keurph's Armour Emporium.
 11118 | D:11     | Reached XP level 12. HP: 88/98 MP: 0/0
 11365 | D:12     | Noticed a two-headed ogre
 11371 | D:12     | Killed a two-headed ogre
 12029 | D:12     | HP: 5/148 [slime creature (11)]
 12504 | D:12     | Received a gift from Nemelex Xobeh
 12620 | D:12     | Reached **** piety under Nemelex Xobeh
 13985 | D:8      | Received a gift from Nemelex Xobeh
 14554 | Lair:1   | Entered Level 1 of the Lair of Beasts
 14769 | Lair:1   | Identified the +7 chain mail of Yddistuq {*Corrode rN+
                  | Str+2 Dex+2}
 15241 | Lair:1   | Reached XP level 13. HP: 88/106 MP: 0/0
 15241 | Lair:1   | Learned a level 5 spell: Alistair's Intoxication
 15307 | Lair:1   | Received a gift from Nemelex Xobeh
 15384 | Lair:1   | Reached ***** piety under Nemelex Xobeh
 15952 | Lair:2   | Reached skill level 15 in Fighting
 16974 | Lair:2   | Received a gift from Nemelex Xobeh
 17370 | Lair:2   | Received a gift from Nemelex Xobeh
 17771 | Lair:3   | Found a staircase to the Shoals.
 18351 | Lair:3   | Received a gift from Nemelex Xobeh
 19006 | Lair:3   | Received a gift from Nemelex Xobeh
 19066 | Lair:3   | Found a hole to the Spider Nest.
 19364 | Lair:4   | Found a gate leading to a gauntlet.
 19374 | Gauntlet | Entered a Gauntlet
 19374 | Gauntlet | Found a large runed translucent door.
 19374 | Gauntlet | Found a large runed translucent door.
 19374 | Gauntlet | Found a large runed translucent door.
 19374 | Gauntlet | Found a large runed translucent door.
 19374 | Gauntlet | Found a large runed translucent door.
 19374 | Gauntlet | Found a large runed translucent door.
 19374 | Gauntlet | Found a runed translucent door.
 19374 | Gauntlet | Found a transporter.
 19374 | Gauntlet | Found a runed translucent door.
 19374 | Gauntlet | Found a large runed translucent door.
 19374 | Gauntlet | Found a large runed translucent door.
 19374 | Gauntlet | Found a large runed translucent door.
 19374 | Gauntlet | Found a large runed translucent door.
 19374 | Gauntlet | Found a large runed translucent door.
 19374 | Gauntlet | Found a large runed translucent door.
 19383 | Gauntlet | Noticed a quicksilver ooze
 19446 | Gauntlet | Found a transporter.
 19462 | Gauntlet | Found a transporter.
 19466 | Gauntlet | Found a transporter.
 19487 | Gauntlet | Found a transporter.
 19500 | Gauntlet | Found a transporter.
 19514 | Gauntlet | Found a transporter.
 19543 | Gauntlet | Found a transporter.
 19543 | Gauntlet | Found a transporter.
 19544 | Gauntlet | Noticed a hell beast
 19548 | Gauntlet | Found a transporter.
 19568 | Gauntlet | Found a large runed translucent door.
 19568 | Gauntlet | Received a gift from Nemelex Xobeh
 19568 | Gauntlet | Found a large runed translucent door.
 19569 | Gauntlet | Found a runed translucent gate.
 19581 | Gauntlet | Found a transporter.
 19581 | Gauntlet | Found a transporter.
 19581 | Gauntlet | Found a runed translucent gate.
 19582 | Gauntlet | Found a runed translucent gate.
 19610 | Gauntlet | Found a large runed translucent door.
 19610 | Gauntlet | Found a large runed translucent door.
 19795 | Gauntlet | Reached XP level 14. HP: 103/117 MP: 0/0
 19944 | Gauntlet | Identified the amulet of the Nice Longan {Faith rF+ Str+3
                  | Int+3 Slay+2}
 20119 | Gauntlet | Noticed a minotaur
 20125 | Gauntlet | Killed a minotaur
 21507 | Lair:4   | Found a viscous altar of Jiyva.
 21510 | Lair:4   | Found a staircase to the Slime Pits.
 21692 | Lair:4   | Reached ****** piety under Nemelex Xobeh
 21709 | Lair:4   | Received a gift from Nemelex Xobeh
 22281 | Lair:5   | Entered Level 5 of the Lair of Beasts
 23101 | Lair:5   | Reached XP level 15. HP: 65/126 MP: 0/0
 23101 | Lair:5   | Learned a level 6 spell: Dispersal
 23538 | Lair:5   | Received a gift from Nemelex Xobeh
 25034 | Lair:5   | Identified a scroll of acquirement
 25350 | Orc:1    | Entered Level 1 of the Orcish Mines
 25407 | Orc:1    | Received a gift from Nemelex Xobeh
 25659 | Orc:2    | Entered Level 2 of the Orcish Mines
 25680 | Orc:2    | Found Moxkun's General Store.
 25798 | Orc:2    | Received a gift from Nemelex Xobeh
 26045 | Orc:2    | Reached skill level 15 in Spellcasting
 26045 | Orc:2    | Reached skill level 15 in Conjurations
 26045 | Orc:2    | Reached skill level 15 in Hexes
 26045 | Orc:2    | Reached skill level 15 in Summonings
 26045 | Orc:2    | Reached skill level 15 in Necromancy
 26045 | Orc:2    | Reached skill level 15 in Translocations
 26045 | Orc:2    | Reached skill level 15 in Fire Magic
 26045 | Orc:2    | Reached skill level 15 in Ice Magic
 26045 | Orc:2    | Reached skill level 15 in Air Magic
 26045 | Orc:2    | Reached skill level 15 in Earth Magic
 26045 | Orc:2    | Reached skill level 15 in Alchemy
 26467 | Orc:2    | Found Ynnuv's Armour Shop.
 26495 | Orc:2    | Found Aplosust's Magic Scroll Boutique.
 26604 | Orc:2    | Reached XP level 16. HP: 97/135 MP: 0/0
 26793 | Orc:2    | Found Onyloucw's Antique Weapon Shop.
 26800 | Orc:2    | Bought a fine falchion for 320 gold pieces
 26800 | Orc:2    | Identified the +2 falchion of Enigei {vamp, Int+5} (You
                  | bought it in a shop on level 2 of the Orcish Mines)
 26815 | Orc:2    | Found a staircase to the Elven Halls.
 27226 | Orc:2    | Received a gift from Nemelex Xobeh
 28240 | D:13     | Found a shimmering altar of Xom.
 28287 | D:13     | Found a shimmering altar of Xom.
 28287 | D:13     | Found a shimmering altar of Xom.
 28287 | D:13     | Found a shimmering altar of Xom.
 28287 | D:13     | Found a shimmering altar of Xom.
 28287 | D:13     | Found a shimmering altar of Xom.
 28287 | D:13     | Found a shimmering altar of Xom.
 28288 | D:13     | Found a shimmering altar of Xom.
 28410 | D:13     | Noticed Rupert
 28425 | D:13     | Killed Rupert
 28661 | D:13     | Noticed Sonja
 28670 | D:13     | Killed Sonja
 29488 | D:13     | Received a gift from Nemelex Xobeh
 29838 | D:14     | Noticed Louise
 29851 | D:14     | Killed Louise
 30029 | D:14     | Received a gift from Nemelex Xobeh
 30530 | D:14     | Noticed Agnes
 30540 | D:14     | Killed Agnes
 31159 | D:14     | Found a gate to the Vaults.
 31274 | D:14     | Noticed Azrael
 31281 | D:14     | Killed Azrael
 31747 | D:15     | Entered Level 15 of the Dungeon
 31767 | D:15     | Received a gift from Nemelex Xobeh
 31845 | D:15     | Found Loelumaom's Distillery.
 32312 | D:15     | Identified the serpent talisman "Qisot" {Will+ Str+3 Int+4
                  | Dex-4}
 32986 | D:15     | Found a staircase to the Depths.
 33678 | D:15     | Found Loelumaom's Distillery.
 33929 | D:15     | Reached XP level 17. HP: 121/145 MP: 0/0
 33929 | D:15     | Learned a level 7 spell: Spellforged Servitor
 34038 | D:15     | Found a staircase to the Depths.
 34421 | Spider:1 | Entered Level 1 of the Spider Nest
 35348 | Shoals:1 | Entered Level 1 of the Shoals
 36200 | Shoals:1 | Received a gift from Nemelex Xobeh
 37698 | Shoals:2 | Found Qurev's Antique Weapon Shop.
 37918 | Shoals:2 | Received a gift from Nemelex Xobeh
 38071 | Shoals:2 | Noticed Polyphemus
 39018 | Shoals:2 | Killed Polyphemus
 41364 | Shoals:3 | Received a gift from Nemelex Xobeh
 42512 | Shoals:3 | Noticed Bai Suzhen
 42696 | Shoals:3 | Found Zoimp's One-of-a-Kind Rings.
 43263 | Shoals:3 | Reached XP level 18. HP: 103/155 MP: 0/0
 45332 | Orc:2    | Bought a scroll of blinking for 127 gold pieces
 45332 | Orc:2    | Bought a scroll of teleportation for 51 gold pieces
 46950 | Spider:1 | Received a gift from Nemelex Xobeh
 48720 | Spider:2 | Identified the +4 leather armour "Pinycodu" {rElec rF- rN++
                  | rCorr}
 49137 | Spider:2 | Identified the +0 robe of Xasuurch {Harm Dex-3 Slay-4
                  | Archmagi}
 49476 | Spider:2 | Identified the +9 war axe "Tocsief" {elec, Will+ Int-3
                  | Dex+2}
 50155 | Spider:3 | Noticed Asterion
 50667 | Spider:3 | Received a gift from Nemelex Xobeh
 51267 | Spider:3 | Killed Asterion
 55442 | Spider:3 | Reached skill level 5 in Dodging
 55813 | Spider:3 | Acquired 1067 gold pieces
 55815 | Spider:3 | Acquired 877 gold pieces
 55836 | Spider:4 | Entered Level 4 of the Spider Nest
 55836 | Spider:4 | Received a gift from Nemelex Xobeh
 56072 | Spider:4 | Noticed Arachne
 56087 | Spider:3 | Reached XP level 19. HP: 76/162 MP: 0/0
 56087 | Spider:3 | Learned a level 6 spell: Bombard
 56739 | Spider:4 | Killed Arachne
 57932 | Spider:4 | Received a gift from Nemelex Xobeh
 58019 | Spider:4 | Got a gossamer rune of Zot
 58306 | Shoals:3 | Killed Bai Suzhen
 58556 | Shoals:3 | Noticed Ilsuiw
 58572 | Shoals:3 | Killed Ilsuiw
 59773 | Shoals:3 | Received a gift from Nemelex Xobeh
 59941 | Shoals:4 | Entered Level 4 of the Shoals
 61626 | Shoals:4 | Reached skill level 10 in Dodging
 62251 | Shoals:4 | Got a barnacled rune of Zot
 62390 | Shoals:4 | Received a gift from Nemelex Xobeh
 62400 | Shoals:4 | Reached XP level 20. HP: 129/169 MP: 0/0
 62652 | Shoals:4 | Found the +8 demon blade "Leech" {evervamp, Harm ^Drain
                  | rN+}
 63432 | Vaults:1 | Entered Level 1 of the Vaults
 63457 | Vaults:1 | Received a gift from Nemelex Xobeh
 64308 | Vaults:1 | Received a gift from Nemelex Xobeh
 65976 | Vaults:1 | Found Rimong's Magic Scroll Shop.
 66457 | Vaults:1 | Received a gift from Nemelex Xobeh
 68553 | Vaults:2 | Received a gift from Nemelex Xobeh
 68752 | Vaults:2 | Reached XP level 21. HP: 139/175 MP: 0/0
 68752 | Vaults:2 | Learned a level 7 spell: Orb of Destruction
 69191 | Vaults:2 | Found Fuxt's Magic Scroll Shop.
 69199 | Vaults:2 | Bought a scroll of summoning for 209 gold pieces
 69199 | Vaults:2 | Bought a scroll of blinking for 165 gold pieces
 69663 | Shoals:3 | Bought the ring "Zoxkokuo" {rC+ Int+6} for 950 gold pieces
 69984 | Vaults:2 | Found a staircase to the Crypt.
 69984 | Vaults:2 | Found a basalt altar of Yredelemnul.
 70167 | Vaults:2 | Received a gift from Nemelex Xobeh
 70170 | Vaults:2 | Identified the +0 scale mail of Moral Flaws {rN+ Int+2
                  | Stlth-}
 70308 | Vaults:2 | Found Koniaty's Weapon Boutique.
 70319 | Vaults:2 | Reached skill level 1 in Shields
 70823 | Vaults:2 | Received a gift from Nemelex Xobeh
 71948 | Vaults:3 | Reached skill level 15 in Dodging
 72227 | Vaults:3 | Received a gift from Nemelex Xobeh
 72508 | Vaults:3 | Reached skill level 5 in Shields
 73585 | Vaults:3 | Reached XP level 22. HP: 138/182 MP: 0/0
 73753 | Vaults:3 | Received a gift from Nemelex Xobeh
 74054 | Vaults:4 | Received a gift from Nemelex Xobeh
 74878 | Vaults:4 | Received a gift from Nemelex Xobeh
 75372 | Vaults:4 | Noticed Xtahua
 75381 | Vaults:4 | Killed Xtahua
 75688 | Vaults:4 | Found a transporter.
 75731 | Vaults:4 | Found a transporter.
 75732 | Vaults:4 | Received a gift from Nemelex Xobeh
 76356 | Elf:1    | Entered Level 1 of the Elven Halls
 76359 | Elf:1    | Received a gift from Nemelex Xobeh
 77030 | Elf:1    | Paralysed by an air elemental for 1 turns
 77743 | Elf:1    | Received a gift from Nemelex Xobeh
 78113 | Elf:1    | Found Uphusoda's Weapon Shoppe.
 78631 | Elf:2    | Found a magical portal.
 78640 | WizLab   | Entered Maxwell's Workshop
 79119 | WizLab   | Received a gift from Nemelex Xobeh
 79937 | WizLab   | Identified the amulet of Day {RegenMP rPois Dex+3}
 79960 | WizLab   | Identified the +5 long sword of the Ring {flame, *Slow
                  | rElec rPois Will++}
 79961 | WizLab   | Identified the +4 ring mail "Anarrufa" {Rampage +Inv Will+
                  | Slay-5}
 80153 | Elf:2    | Reached XP level 23. HP: 139/188 MP: 0/0
 80153 | Elf:2    | Learned a level 8 spell: Lehudib's Crystal Spear
 80662 | Elf:2    | Received a gift from Nemelex Xobeh
 81104 | Elf:2    | Found a runed translucent gate.
 81104 | Elf:2    | Found a runed translucent gate.
 81104 | Elf:2    | Found a runed translucent gate.
 82638 | Elf:2    | Received a gift from Nemelex Xobeh
 82705 | Elf:2    | Identified the blade talisman of Amorality {Will+}
 82866 | Elf:3    | Entered Level 3 of the Elven Halls
 85119 | Elf:3    | Identified the +1 great sword of Iluag {freeze, Int+6
                  | Dex-2}
 85119 | Elf:3    | Identified the ring of Jeifan {Ice ^Drain rPois rN+ rCorr}
 85392 | Elf:3    | Identified the +3 ring mail "Tateytov" {-Cast rC++ rCorr
                  | SInv}
 85433 | Elf:3    | Found the +4 consecrated labrys {holy, Valiant ^Fragile Fly
                  | SInv}
 85917 | Depths:1 | Entered Level 1 of the Depths
 86013 | Depths:1 | Reached skill level 1 in Armour
 86382 | Depths:1 | Noticed Norris
 86397 | Depths:1 | Killed Norris
 86498 | Depths:1 | Reached XP level 24. HP: 167/192 MP: 0/0
 86608 | Depths:1 | Received a gift from Nemelex Xobeh
 87160 | Depths:1 | Received a gift from Nemelex Xobeh
 87337 | Depths:1 | Reached skill level 5 in Armour
 87445 | Depths:1 | Noticed Nikola
 87452 | Depths:1 | Killed Nikola
 87604 | Depths:1 | Gained mutation: You have a pair of small horns on your
                  | head. [a cacodemon]
 87834 | Depths:1 | Found a gateway to Hell.
 88089 | Depths:2 | Received a gift from Nemelex Xobeh
 88165 | Depths:2 | Found a one-way gate leading to the halls of Pandemonium.
 88367 | Depths:2 | Found Othruhukhli's Magic Scroll Boutique.
 88374 | Depths:2 | Bought a scroll of teleportation for 66 gold pieces
 88374 | Depths:2 | Bought a scroll of teleportation for 66 gold pieces
 88507 | Depths:2 | Found a one-way gateway to a ziggurat.
 88740 | Depths:2 | Received a gift from Nemelex Xobeh
 89287 | Depths:2 | Received a gift from Nemelex Xobeh
 89424 | Depths:2 | Identified the staff "Xobuts" {rF- rC+ Will+ Dex+6 Conj}
 89425 | Depths:2 | Identified the +3 chain mail of Heresy {rN+++ Will- rCorr
                  | Str+6}
 89744 | Depths:3 | Noticed a golden dragon
 89890 | Depths:3 | Noticed a golden dragon
 89900 | Depths:3 | Killed a golden dragon
 90250 | Depths:3 | Identified the amulet of Rulu {Reflect rN+ SH+5}
 90326 | Depths:3 | Noticed the Enchantress
 90337 | Depths:3 | Killed the Enchantress
 90398 | Depths:3 | Reached XP level 25. HP: 184/201 MP: 0/0
 90398 | Depths:3 | Learned a level 8 spell: Disjunction
 90868 | Depths:3 | Found a white marble altar of Elyvilon.
 90873 | Depths:3 | Received a gift from Nemelex Xobeh
 91009 | Depths:3 | Found a one-way gate to the infinite horrors of the Abyss.
 91097 | Depths:4 | Entered Level 4 of the Depths
 91238 | Depths:4 | Identified the +0 chain mail "Ibido" {rF+}
 91438 | Depths:4 | Received a gift from Nemelex Xobeh
 91578 | Depths:4 | Identified the +5 scimitar of a sewer {spect, MP+9}
 91850 | Depths:4 | Found a shadowy altar of Dithmenos.
 92205 | Depths:4 | Found a gate to the Realm of Zot.
 92507 | Crypt:1  | Entered Level 1 of the Crypt
 93790 | Crypt:1  | Noticed an ancient lich
 93796 | Crypt:1  | Killed an ancient lich
 93850 | Crypt:1  | Found the +6 Majin-Bo {spellvamp, MP+6 Int+6}
 94148 | Crypt:2  | Found a basalt altar of Yredelemnul.
 94517 | Crypt:2  | Found a runed translucent door.
 94517 | Crypt:2  | Noticed Waukhla's ghost (veteran KoBr)
 94542 | Crypt:2  | Received a gift from Nemelex Xobeh
 94548 | Crypt:2  | Reached XP level 26. HP: 198/207 MP: 0/0
 94865 | Crypt:2  | Killed Waukhla's ghost
 94986 | Crypt:3  | Entered Level 3 of the Crypt
 95167 | Crypt:3  | Found a basalt altar of Yredelemnul.
 95671 | Crypt:3  | Found the +8 Vampire's Tooth {megavamp}
 95725 | Crypt:3  | Found the +7 captain's cutlass {speed, disarm}
 96106 | Crypt:3  | Received a gift from Nemelex Xobeh
 96238 | Crypt:3  | Found a staircase to the Tomb.
 97117 | Crypt:3  | Identified the ring of Omoe {rN+ Int+3 Stlth+}
 97117 | Crypt:3  | Identified the ring of Music {rN+ Dex+2}
 97117 | Crypt:3  | Identified the ring of Makhleb's Inspiration {rN+ Will-
                  | rCorr Dex+4}
 97296 | Tomb:1   | Entered Level 1 of the Tomb of the Ancients
 97376 | Tomb:1   | Received a gift from Nemelex Xobeh
 97770 | Tomb:1   | Noticed Boris
 97784 | Tomb:1   | Killed Boris
 97921 | Tomb:1   | Noticed a royal mummy
 97954 | Tomb:1   | Killed a royal mummy
 98218 | Tomb:1   | Noticed a royal mummy
 98226 | Tomb:1   | Killed a royal mummy
 98453 | Tomb:1   | Identified the +9 plate armour "Zutul" {Dex+2}
 99116 | Slime:1  | Entered Level 1 of the Pits of Slime
 99471 | Slime:1  | Reached XP level 27. HP: 200/213 MP: 0/0
 99471 | Slime:1  | Learned a level 9 spell: Fire Storm
 99816 | Vaults:5 | Entered Level 5 of the Vaults
 99959 | Vaults:5 | Noticed a dread lich
 99963 | Vaults:5 | Noticed a dread lich
100220 | Vaults:5 | Noticed a dread lich
100630 | Vaults:4 | Killed a dread lich
100791 | Vaults:4 | Found a transporter.
100835 | Vaults:4 | Found a transporter.
101067 | Vaults:5 | Noticed a dread lich
101078 | Vaults:4 | Killed a dread lich
101425 | Vaults:4 | Killed a dread lich
101672 | Vaults:4 | Killed a dread lich
103589 | Vaults:5 | Identified the +4 mace of the Butterfly {heavy, rElec Str+5
                  | Dex+2}
103677 | Vaults:5 | Received a gift from Nemelex Xobeh
103694 | Vaults:5 | Identified the +3 falchion "Dragonbane" {heavy, Int+3}
103814 | Vaults:5 | Got a silver rune of Zot
104045 | Vaults:5 | Received a gift from Nemelex Xobeh
104976 | Vaults:4 | Identified the +0 robe of Zin's Fury {-Cast Str+5 Dex+5}
104995 | Vaults:4 | Identified the amulet "Orul" {RegenMP rElec Str-3 Int+6
                  | Dex+4}
105003 | Vaults:4 | Identified the ring "Serph" {Str+3 Int+6}
105018 | Vaults:4 | Identified the staff "Weiss" {rElec rF+ rN++ Stlth+ Fire}
105390 | Zot:1    | Entered Level 1 of the Realm of Zot
105391 | Zot:1    | Noticed Vv
106242 | Zot:1    | Killed Vv
106631 | Zot:1    | Received a gift from Nemelex Xobeh
108292 | Zot:2    | Reached skill level 10 in Armour
108292 | Zot:2    | Received a gift from Nemelex Xobeh
108691 | Zot:2    | Identified the staff of Silly Honour {rElec SInv Fire Air}
108803 | Zot:2    | Identified the staff of the Twelve Queens {rElec MP+9 Air}
108805 | Zot:2    | Identified the staff of Action {*Slow rElec Str+3 Int+2 Ice
                  | Air}
109290 | Zot:3    | Received a gift from Nemelex Xobeh
109301 | Zot:3    | Noticed a Killer Klown
109304 | Zot:3    | Killed a Killer Klown
109464 | Zot:3    | Noticed an orb of fire
109471 | Zot:3    | Killed an orb of fire
110247 | Zot:3    | Received a gift from Nemelex Xobeh
110692 | Zot:4    | Reached skill level 27 in Dodging
110774 | Zot:4    | Reached skill level 10 in Shields
110978 | Zot:4    | Received a gift from Nemelex Xobeh
111354 | Zot:4    | Identified the ring of Fenuh {rElec MP+9}
111360 | Zot:4    | Received a gift from Nemelex Xobeh
111792 | Zot:5    | Entered Level 5 of the Realm of Zot
111810 | Zot:5    | Noticed an ancient lich
111810 | Zot:5    | Noticed an orb of fire
111810 | Zot:5    | Noticed a dread lich
111810 | Zot:5    | Noticed a dread lich
111810 | Zot:5    | Noticed a Killer Klown
111810 | Zot:5    | Noticed a dread lich
111815 | Zot:5    | Received a gift from Nemelex Xobeh
111815 | Zot:5    | Noticed a Killer Klown
111815 | Zot:5    | Noticed an orb of fire
111815 | Zot:5    | Noticed an ancient lich
111815 | Zot:5    | Noticed a Killer Klown
111815 | Zot:5    | Noticed an ancient lich
111815 | Zot:5    | Noticed an orb of fire
112212 | Zot:5    | Noticed a Killer Klown
112219 | Zot:5    | Killed a Killer Klown
112308 | Zot:5    | Noticed an ancient lich
112311 | Zot:5    | Killed an ancient lich
112382 | Zot:5    | Killed a dread lich
112756 | Zot:5    | Killed an ancient lich
112758 | Zot:5    | Killed a dread lich
112998 | Zot:5    | Identified the +5 ring mail "Dilliuwn" {Int+6}
113003 | Zot:5    | Killed an ancient lich
113284 | Zot:5    | Killed an ancient lich
113288 | Zot:5    | Killed a Killer Klown
113460 | Zot:5    | Noticed an ancient lich
113463 | Zot:5    | Killed an ancient lich
113464 | Zot:5    | Reached skill level 27 in Spellcasting
113464 | Zot:5    | Reached skill level 27 in Conjurations
113464 | Zot:5    | Reached skill level 27 in Hexes
113464 | Zot:5    | Reached skill level 27 in Summonings
113464 | Zot:5    | Reached skill level 27 in Necromancy
113464 | Zot:5    | Reached skill level 27 in Translocations
113464 | Zot:5    | Reached skill level 27 in Fire Magic
113464 | Zot:5    | Reached skill level 27 in Ice Magic
113464 | Zot:5    | Reached skill level 27 in Air Magic
113464 | Zot:5    | Reached skill level 27 in Earth Magic
113464 | Zot:5    | Reached skill level 27 in Alchemy
113956 | Zot:5    | Noticed a dread lich
113959 | Zot:5    | Killed a dread lich
113968 | Zot:5    | Gained mutation: You are very vulnerable to cold. (rC--)
                  | [an orb of fire]
113969 | Zot:5    | Killed an orb of fire
114152 | Zot:5    | Killed a Killer Klown
114246 | Zot:5    | Killed a dread lich
114247 | Zot:5    | Reached skill level 15 in Armour
114743 | Zot:5    | Gained mutation: You are clumsy. (Dex -2) [an orb of fire]
114749 | Zot:5    | Killed an orb of fire
114843 | Zot:5    | Killed a Killer Klown
114897 | Zot:5    | Killed an orb of fire
115892 | Zot:5    | Received a gift from Nemelex Xobeh
116214 | Zot:5    | Got the Orb of Zot
116337 | Zot:3    | Noticed Vutoch the pandemonium lord
116373 | Zot:3    | Killed Vutoch the pandemonium lord
116440 | Zot:3    | Noticed Boris
116444 | Zot:3    | Killed Boris
116829 | D:11     | Noticed Ezoopt the pandemonium lord
116836 | D:11     | Killed Ezoopt the pandemonium lord
117111 | D:$      | Escaped with the Orb!

Illustrated notes

Levels and vault maps discovered:
D:1:      lemuel_arrival_behind_the_door_small, layout_loops_ring,
          dreamdust_ecumenical_altar_drowned_temple
D:2:      layout_loops_ring
D:3:      layout_rooms, amcnicky_altar_gilded
D:4:      layout_cave_pools, lightli_temple_of_fire, lemuel_doored_altar,
          temple_hall
D:5:      layout_cave_pods, mainiacjoe_overflow_tiny_flanked,
          mainiacjoe_overflow_alcove_1, minitemple
D:6:      layout_basic, xom_butterflies
D:7:      layout_basic
D:8:      layout_cave_pools, erik_lair_orcish_takeover
D:9:      layout_basic, uniq_joseph
D:10:     layout_cave_pools, mainiacjoe_overflow_concentric_impassable,
          erik_orc_3, uniq_harold, uniq_fannar
D:11:     layout_stronghold, nicolae_take_the_stairs
D:12:     layout_basic
D:13:     layout_roguey, xom_shifter_show, uniq_sonja, uniq_rupert
D:14:     layout_stronghold, erik_vaults_1, uniq_louise, uniq_agnes, uniq_azrael
D:15:     grunt_enter_depths_magical_seal, layout_grid_maze,
          hangedman_abyss_or_decor_passed, serial_shops,
          nicolae_shop_real_fake_doors, serial_bayou, serial_bayou_lagoon_a,
          serial_bayou_lake_a, serial_bayou_pond_a, serial_bayou_pond_d
Temple:   nicolae_temple_figure_eight
Lair:1:   layout_gridlike, kennysheep_rathole, lemuel_fruit_tree
Lair:2:   layout_gridlike, minmay_lair_oklob_items, serial_bayou_pond_e,
          lemuel_old_faithful
Lair:3:   layout_hall_layers, shoals_dummy_entry, spider_nest_entry_funnel_web,
          serial_bayou, serial_bayou_pond_b, serial_bayou_pond_c,
          serial_bayou_crossing, serial_bayou_shore_a
Lair:4:   layout_regular_city, minmay_slime_entry_jelly_boxes,
          gauntlet_entry_generic, hangedman_lair_unloving_vines
Lair:5:   evilmike_catoblepas_cave, layout_loops_ring,
          nicolae_lair_run_with_the_wolves
Shoals:1: layout_shoals, nicolae_shoals_this_corrosion
Shoals:2: layout_shoals, serial_shops, shop, uniq_polyphemus
Shoals:3: layout_shoals, nicolae_shop_unique_rings, nzn_prometheus_bound,
          uniq_ilsuiw, uniq_bai_suzhen
Shoals:4: shoals_end_grunt_ice, layout_shoals
Spider:1: layout_spider_delve
Spider:2: layout_cave_pods
Spider:3: cheibrodos_forgotten_conduit, uniq_asterion
Spider:4: grunt_spider_rune_parallel, uniq_arachne
Slime:1:  layout_caves
Orc:1:    nicolae_orc_accident_3, layout_diamond_mine, basic_altar
Orc:2:    st_orc_town, layout_caves, serial_shops, nicolae_shop_hallway_plus,
          basic_altar
Elf:1:    nicolae_elf_arrival_no_cutting_in_line, layout_gridlike, serial_shops,
          shop, minmay_elf_necromancy
Elf:2:    nicolae_elf_blades_splatter_lattice [nicolae_blade_lattice],
          layout_geoelf_octagon, mu_enter_wizlab_4, minivault_16
Elf:3:    elf_hall_gauntlet_wide, layout_geoelf_octagon
Vaults:1: vaults_dpeg_encased_lava, hangedman_vaults_stagger,
          vaults_standard_mumra_lines, nicolae_vaults_offset_grid_hallway_2,
          vaults_dpeg_diagonal, nicolae_vaults_sesquioval_fish,
          nicolae_vaults_little_squares_3, nicolae_vaults_diamond_2,
          nicolae_vaults_specimen_jars, nicolae_vaults_wrenched,
          nicolae_vaults_closet_pinwheel_4, nicolae_vaults_yaktaur_gun_rack,
          nicolae_vaults_offset_grid_hallway_3, layout_vaults_big_room,
          serial_shops, nicolae_shop_tiny_real_fake_doors
Vaults:2: nicolae_vaults_network_periphery, hangedman_vaults_nails,
          minmay_crypt_entry_necro_gods, nicolae_vaults_little_squares_5,
          nicolae_vaults_hexular_roomagon, nicolae_vaults_offset_grid_hallway_1,
          nicolae_vaults_taking_the_gang_shopping,
          nicolae_vaults_doubleplus_tesselated,
          nicolae_vaults_twisting_passages, nicolae_vaults_storage_room_glass,
          nicolae_vaults_trapezoid_2, nicolae_vaults_weapon_check,
          nicolae_vaults_angled_halls, nicolae_vaults_prndl, layout_vaults_ring,
          serial_shops, nicolae_shop_crystal
Vaults:3: nicolae_vaults_mitosis, serial_library_hellmonk_semicircle,
          nicolae_vaults_octothorpe, nicolae_vaults_cornered_office,
          nicolae_vaults_apartment_2, nicolae_vaults_bisected_inception,
          v_rooms_6, nicolae_vaults_offset_grid_hallway_4,
          hangedman_vaults_trim, v_misc_27, vaults_room_guarded_vault,
          nicolae_vaults_windows_and_doors_thing, nicolae_vaults_tetromino_L_2,
          layout_vaults_big_cross, serial_shops, shop
Vaults:4: gammafunk_dig_for_victory, nicolae_vaults_little_ls,
          nicolae_vaults_cornered_office, nicolae_vaults_tangram_1,
          v_alt_pattern_3, vaults_room_door_hall, layout_vaults_omnigrid,
          uniq_xtahua
Vaults:5: serial_shops
Crypt:1:  minmay_guarded_unrand_majin_bo, layout_basic, corexii_hall_statues_l
Crypt:2:  layout_misc_corridors, ebering_ghost_inner_flame, st_stairs_5,
          hangedman_feature_mirror
Crypt:3:  evilmike_haunted_forest
Tomb:1:   uniq_boris
Depths:1: layout_honeycomb, grunt_hell_entry_demonic_statue, wad_mini_maze,
          uniq_norris, uniq_nikola
Depths:2: regret_index_reflect_refract, layout_gridlike, enter_ziggurat_b,
          serial_shops, shop_statue, hell_entry, rand_demon_pan_entry_8,
          minmay_staircase_windowed_small
Depths:3: grunt_forest_end_shrine, layout_cave_pools, hell_entry,
          minmay_misc_feat_encased, rand_demon_pan_entry_4,
          hangedman_abyss_entry_splay, elyvilon_altar_1
Depths:4: grunt_zot_entry_hairpin, layout_long_grid, hell_entry,
          nicolae_abyss_entry_one_way_or_another, minmay_misc_feat_doors,
          nicolae_dithmenos_through_a_glass_darkly
Zot:1:    layout_onion_interference, uniq_vv
Zot:2:    infiniplex_zot_generator, layout_misc_corridors,
          regret_index_zotdec_silver_v_v_orig_slice
Zot:3:    layout_basic, regret_index_zotdec_abyssal_contain_seething_sorcery,
          grunt_megastairs_2
Zot:4:    layout_cathedral_of_symmetry
Zot:5:    layout_gridlike

Skill      XL: |  1  2  3  4  5  6  7  8  9 10 11 12 13 14 15 16 17 18 19 20 21 22 23 24 25 26 27 |
---------------+----------------------------------------------------------------------------------+-----
Fighting       | 1 2 3 4 5 7 9 11 13 14 16 17 19 20 21 22 23 | 23.5
Spellcasting   | 4 5 6 7 9 10 11 12 14 15 16 17 18 19 20 21 22 23 24 27 | 27.0
Conjurations   | 4 5 6 7 9 10 11 12 14 15 16 17 18 19 20 21 22 23 24 27 | 27.0
Hexes          | 4 5 6 7 9 10 11 12 14 15 16 17 18 19 20 21 22 23 24 27 | 27.0
Summonings     | 4 5 6 7 9 10 11 12 14 15 16 17 18 19 20 21 22 23 24 27 | 27.0
Necromancy     | 4 5 6 7 9 10 11 12 14 15 16 17 18 19 20 21 22 23 24 27 | 27.0
Translocations | 4 5 6 7 9 10 11 12 14 15 16 17 18 19 20 21 22 23 24 27 | 27.0
Fire Magic     | 4 5 6 7 9 10 11 12 14 15 16 17 18 19 20 21 22 23 24 27 | 27.0
Ice Magic      | 4 5 6 7 9 10 11 12 14 15 16 17 18 19 20 21 22 23 24 27 | 27.0
Air Magic      | 4 5 6 7 9 10 11 12 14 15 16 17 18 19 20 21 22 23 24 27 | 27.0
Earth Magic    | 4 5 6 7 9 10 11 12 14 15 16 17 18 19 20 21 22 23 24 27 | 27.0
Alchemy        | 4 5 6 7 9 10 11 12 14 15 16 17 18 19 20 21 22 23 24 27 | 27.0
Dodging        | 5 10 13 15 18 19 21 23 24 27 | 27.0
Shields        | 5 12 | 12.3
Armour         | 3 5 17 | 17.0
Stealth        | |  1.5

Action                     |  1- 3 |  4- 6 |  7- 9 | 10-12 | 13-15 | 16-18 | 19-21 | 22-24 | 25-27 || total
---------------------------+-------+-------+-------+-------+-------+-------+-------+-------+-------++-------
  Melee: Unarmed           |       |     1 |     4 |     2 |     5 |       |       |       |       ||    12
         Falchion          |       |       |       |       |       |     6 |     2 |       |       ||     8
         Punch             |       |       |       |       |       |     1 |       |       |       ||     1
         Staff             |       |       |       |       |       |       |       |       |     5 ||     5
         Headbutt          |       |       |       |       |       |       |       |       |     2 ||     2
   Cast: Sting             |    45 |    86 |   130 |   127 |   132 |   181 |    13 |     5 |       ||   719
         Mephitic Cloud    |     1 |     9 |    27 |    49 |    81 |   182 |    63 |    29 |     5 ||   446
         Olgreb's Toxic Ra |       |     5 |    12 |    86 |   167 |   315 |    90 |    44 |    13 ||   732
         Foxfire           |       |     7 |       |       |     1 |     5 |       |       |     1 ||    14
         Sticky Flame      |       |     7 |    13 |   104 |   155 |   381 |    24 |     3 |       ||   687
         Freezing Cloud    |       |       |       |     2 |    19 |    34 |     2 |       |       ||    57
         Alistair's Intoxi |       |       |       |       |     1 |     1 |       |       |       ||     2
         Dispersal         |       |       |       |       |       |     6 |       |       |       ||     6
         Spellforged Servi |       |       |       |       |       |    22 |   113 |   132 |   155 ||   422
         Mercury Vapours   |       |       |       |       |       |     1 |     1 |     1 |       ||     3
         Bombard           |       |       |       |       |       |       |   357 |   369 |    11 ||   737
         Lehudib's Crystal |       |       |       |       |       |       |       |    72 |   509 ||   581
         Disjunction       |       |       |       |       |       |       |       |       |    19 ||    19
         Fire Storm        |       |       |       |       |       |       |       |       |   278 ||   278
 Invoke: Draw Summoning    |       |       |       |       |       |     7 |       |       |       ||     7
         Draw Escape       |       |       |       |       |       |     2 |       |       |       ||     2
  Evoke: Wand              |       |       |       |       |       |       |       |       |     7 ||     7
    Use: Scroll            |       |       |     2 |     8 |    18 |    12 |       |     2 |    13 ||    55
         Potion            |       |       |       |     6 |     4 |       |       |       |     7 ||    17
 Armour: Robe              |     3 |    18 |    33 |    53 |   100 |   483 |   158 |   155 |       ||  1003
         Skin              |       |       |       |    10 |       |       |       |       |       ||    10
         Acid dragon scale |       |       |       |       |       |       |       |       |   263 ||   263
  Dodge: Dodged            |    10 |    22 |    50 |   132 |   174 |   746 |   136 |   143 |   241 ||  1654
  Block: Buckler           |       |       |       |       |       |       |       |       |    71 ||    71
         Reflection        |       |       |       |       |       |       |       |       |     4 ||     4

Table legend: (Time is in decaauts)
 A = Elapsed time spent in this place.
 B = Non-inter-level travel time spent in this place.
 C = Inter-level travel time spent in this place.
 D = Time resting spent in this place.
 E = Time spent auto-exploring this place.
 F = Levels seen in this place.
 G = Mean time per level.
                   A        B        C        D        E       F      G
               +--------+--------+--------+--------+--------+-----+--------+
         Total | 117242 | 108881 |   8361 |  30539 |  63505 |  55 | 2131.7 |
       Dungeon |  23517 |  20179 |   3338 |   2942 |  14699 |  15 | 1567.8 |
        Temple |      1 |      1 |      0 |      0 |      0 |   1 |    1.0 |
          Lair |  12145 |  11313 |    832 |   3110 |   6764 |   5 | 2429.0 |
        Shoals |  14433 |  14182 |    251 |   6627 |   5941 |   4 | 3608.2 |
   Spider Nest |  12296 |  11877 |    419 |   6238 |   4190 |   4 | 3074.0 |
    Slime Pits |    148 |    124 |     24 |      5 |     74 |   1 |  148.0 |
  Orcish Mines |   3179 |   2829 |    350 |    350 |   2015 |   2 | 1589.5 |
   Elven Halls |   7667 |   7359 |    308 |   1594 |   4641 |   3 | 2555.7 |
        Vaults |  17567 |  16559 |   1008 |   3830 |  10702 |   5 | 3513.4 |
         Crypt |   4391 |   4001 |    390 |    413 |   2780 |   3 | 1463.7 |
          Tomb |   1420 |   1320 |    100 |     70 |    675 |   1 | 1420.0 |
        Depths |   7573 |   6738 |    835 |   1437 |   4295 |   4 | 1893.2 |
           Zot |  10226 |   9726 |    500 |   3294 |   5263 |   5 | 2045.2 |
        Wizlab |   1493 |   1493 |      0 |      0 |   1241 |   1 | 1493.0 |
      Gauntlet |   1179 |   1179 |      0 |    627 |    223 |   1 | 1179.0 |
               +--------+--------+--------+--------+--------+-----+--------+

Top non-repeatable levels by time:
Spider:2: 6630 daAuts
Vaults:4: 6149 daAuts
Shoals:2: 5616 daAuts
   Zot:5: 4317 daAuts
Vaults:1: 4088 daAuts
  Lair:3: 3667 daAuts
Shoals:1: 3538 daAuts
Vaults:2: 3258 daAuts
    D:14: 2990 daAuts
  Lair:5: 2896 daAuts
Shoals:3: 2858 daAuts
    D:15: 2850 daAuts
Vaults:3: 2845 daAuts
   Elf:1: 2562 daAuts
   Elf:2: 2559 daAuts
